 Dungeon Crawl Stone Soup version 0.18-a0-1120-g03bd624 (webtiles) character file.

539 gorblad the Sneak (level 7, -9/66 HPs)
             Began as an Ogre Assassin on Jan 17, 2016.
             Mangled by an ogre
             ... wielding a +0 giant spiked club
              (34 damage)
             ... on level 5 of the Dungeon.
             The game lasted 00:08:26 (3601 turns).

gorblad the Sneak (Ogre Assassin)                   Turns: 3601, Time: 00:08:28

Health: -9/66      AC:  7    Str: 19      XL:     7   Next: 26%
Magic:  7/7        EV: 11    Int: 10      God:
Gold:   181        SH:  0    Dex:  9 (11) Spells: 0 memorised, 6 levels left

rFire  . . .     SeeInvis .     a - +4 dagger
rCold  . . .     Gourm    .     c - +1 robe
rNeg   . . .     Faith    .     (no shield)
rPois  .         Spirit   .     (helmet restricted)
rElec  .         Dismiss  .     d - +2 cloak
rCorr  .         Reflect  .     (gloves unavailable)
SustAt .         Harm     .     (boots unavailable)
MR     .....                    (no amulet)
Stlth  ++........               (no ring)
                                (no ring)

@: not resistant to hostile enchantments, unstealthy
A: unfitting armour, tough skin 1
a: no special abilities


You were on level 5 of the Dungeon.
You were not hungry.

You visited 1 branch of the dungeon, and saw 5 of its levels.

You collected 181 gold pieces.

Inventory:

Hand Weapons
 a - a +4 dagger (weapon)
 b - a +0 blowgun
Missiles
 e - 22 poisoned needles
 f - 2 curare-tipped needles
Armour
 c - a +1 robe (worn)
 d - a +2 cloak (worn)
Jewellery
 n - an uncursed ring of positive energy
 q - a cursed ring of teleportation
Scrolls
 i - 2 scrolls of remove curse
 p - a scroll of teleportation
 s - 4 scrolls of magic mapping
 u - a scroll of blinking
Potions
 j - a potion of agility {unknown}
 l - a potion of poison {unknown}
 o - a potion of haste {unknown}
 r - a potion of magic
Comestibles
 g - 2 bread rations
 h - a royal jelly
 k - 2 fruits
 m - a meat ration


   Skills:
 - Level 2.6 Fighting
 - Level 1.2 Short Blades
 - Level 2.0 Throwing
 + Level 4.3 Dodging
 - Level 6.1 Stealth


You had 6 spell levels left.
You didn't know any spells.

Dungeon Overview and Level Annotations

Branches:
Dungeon (5/15)
 Temple: D:4-7

Altars:


Innate Abilities, Weirdness & Mutations

You are too large for most types of armour.
You have tough skin (AC +1).


Message History

You barely miss the jackal.
The jackal bites you but does no damage.
A yak comes into view.
The yak bellows!
You hit the jackal but do no damage.
The jackal bites you but does no damage.
You hit the yak but do no damage. The jackal closely misses you.
The jackal bites you.
You hit the yak but do no damage. The yak gores you.
The jackal barely misses you.
You hit the yak.
The yak is lightly wounded.
The yak gores you. The jackal barely misses you.
You hit the yak.
The yak is lightly wounded.
The jackal bites you but does no damage.
The yak gores you. The jackal bites you.
The ogre hits you with a giant spiked club!!
Ouch! That really hurt!
You die...

#.#...# #.#.#†#
##.#.#<#
.######..#...#
#............#
........"....##
..............#
.$............#
..$..YY@......#
.....YO†h.$...#
..............#
..............#
#.....#......##
#........###.#
.........# .#
..#.#..### #


You could see 3 yaks, an ogre and a jackal.

Vanquished Creatures
  The ghost of Borgoz the Sneak, an amateur SpAs (D:4)
  An ogre (D:4)
  A hound (D:4)
  A quasit (D:5)
  Jessica (D:2)
  2 iguanas (D:4)
  Natasha (thrice) (D:3)
  A worker ant (D:5)
  5 adders
  A shadow imp (D:5)
  An ooze (D:2)
  A giant gecko (D:5)
  An orc (D:3)
  6 bats
  3 giant cockroaches
  6 goblins
  9 hobgoblins
  12 jackals
  5 kobolds
  A quokka (D:2)
  2 giant newts (D:2)
  2 rats (D:1)
66 creatures vanquished.

Notes
Turn   | Place    | Note
--------------------------------------------------------------
     0 | D:1      | gorblad the Ogre Assassin began the quest for the Orb.
     0 | D:1      | Reached XP level 1. HP: 22/22 MP: 1/1
   122 | D:1      | Reached skill level 1 in Dodging
   211 | D:1      | Reached XP level 2. HP: 29/29 MP: 2/2
   573 | D:2      | Reached XP level 3. HP: 36/36 MP: 3/3
   623 | D:2      | Reached skill level 4 in Stealth
  1148 | D:2      | Reached XP level 4. HP: 44/44 MP: 4/4
  1288 | D:2      | Noticed Jessica
  1306 | D:2      | Killed Jessica
  1733 | D:3      | Noticed Natasha
  1858 | D:3      | Killed Natasha
  1858 | D:3      | Reached XP level 5. HP: 30/50 MP: 5/5
  1873 | D:3      | Noticed Natasha
  1891 | D:3      | Killed Natasha
  1891 | D:3      | Reached skill level 5 in Stealth
  1909 | D:3      | Noticed Natasha
  1915 | D:3      | Killed Natasha
  2344 | D:4      | Reached XP level 6. HP: 15/59 MP: 6/6
  2545 | D:4      | Noticed Borgoz's ghost (amateur SpAs)
  2575 | D:4      | Killed Borgoz's ghost
  2966 | D:4      | Reached skill level 6 in Stealth
  3070 | D:4      | Reached XP level 7. HP: 7/66 MP: 7/7
  3531 | D:5      | Entered Level 5 of the Dungeon
  3592 | D:5      | Noticed a yak
  3595 | D:5      | Noticed a yak
  3597 | D:5      | Noticed a yak
  3601 | D:5      | Mangled by an ogre

Vault maps used:
D:1:      scummos_arrival_gate
D:2:      uniq_jessica
D:3:      uniq_natasha
D:5:      overflow_temple_1_default, nicolae_overflow_crystal_walls, first_bread

Action                   |  1- 3 |  4- 6 |  7- 9 || total
-------------------------+-------+-------+-------++-------
Melee: Dagger            |   115 |   209 |    55 ||   379
  Use: Scroll            |     7 |    15 |     1 ||    23
       Potion            |       |     6 |       ||     6
 Stab: Sleeping          |     2 |     3 |       ||     5
  Eat: Chunk             |     1 |     6 |     2 ||     9
